 Dungeon Crawl Stone Soup version 0.26-a0-21-gf97e55dc39 (webtiles) character file.

Game seed: 7967063516679444974, levelgen mode: classic

46 Amnesiac the Vexing (level 3, -2/27 HPs)
             Began as a Formicid Arcane Marksman on May 26, 2020.
             Killed by divine providence
             ... invoked by an orc priest
              (17 damage)
             ... on level 3 of the Dungeon.
             The game lasted 00:02:34 (1333 turns).

Amnesiac the Vexing (Formicid Arcane Marksman)      Turns: 1333, Time: 00:02:34

Health: -2/27      AC:  2    Str: 15    XL:     3   Next: 95%
Magic:  1/4        EV: 12    Int: 12    God:
Gold:   80         SH:  0    Dex: 11    Spells: 3/4 levels left

rFire    . . .     SeeInvis +   a - +0 hand crossbow
rCold    . . .     Gourm    .   (no shield)
rNeg     . . .     Faith    .   e - +0 robe
rPois    +         Spirit   .   (helmet unavailable)
rElec    .         Reflect  .   (no cloak)
rCorr    .         Harm     .   (no gloves)
MR       .....                  (no boots)
Stlth    +.........             (no amulet)
HPRegen  0.09/turn              k - ring of poison resistance
MPRegen  0.09/turn              (no ring)

@: no status effects
A: permanent stasis, dig shafts and tunnels, four strong arms, antennae 3
a: Dig, Shaft Self


You were on level 3 of the Dungeon.
You were not hungry.

You visited 1 branch of the dungeon, and saw 3 of its levels.

You collected 80 gold pieces.

Inventory:

Hand Weapons
 a - a +0 hand crossbow (weapon)
 b - a +0 hunting sling
 l - a +3 vorpal mace
Missiles
 d - 27 bolts (quivered)
 p - 74 stones
Armour
 e - a +0 robe (worn)
 q - a +0 pair of boots
Jewellery
 k - a ring of poison resistance (left hand)
Scrolls
 c - 3 scrolls of enchant armour {!r, unknown}
 g - 2 scrolls of teleportation {!r, unknown}
 i - 2 scrolls of random uselessness {!r, unknown}
 m - a scroll of identify {!r, unknown}
 n - 3 scrolls of blinking {!r, unknown}
 o - a scroll of amnesia {!r, unknown}
Potions
 h - a potion of haste {!q, unknown}
 j - a potion of degeneration {!q, unknown}
Comestibles
 f - 3 rations


   Skills:
 + Level 2.2 Fighting
 * Level 3.4 Crossbows
 - Level 1.7 Dodging
 - Level 1.1 Spellcasting
 - Level 3.6 Hexes


You had 3 spell levels left.
You knew the following spells:

 Your Spells              Type           Power        Failure   Level  Hunger
a - Corona                Hex            #......      7%          1    ##.....

Your spell library contained the following spells:

 Spells                   Type           Power        Failure   Level  Hunger
 Slow                     Hex            #.......     11%         2    ###....
 Inner Flame              Hex/Fire       #.......     38%         3    ####...
 Portal Projectile        Hex/Tloc       #.....       38%         3    ####...
 Cause Fear               Hex            #.........   56%         4    #####..
 Leda's Liquefaction      Hex/Erth       #.........   80%         4    #####..


Dungeon Overview and Level Annotations

Branches:
Dungeon (3/15)

Altars:
Gozag
Uskayaw
Xom


Innate Abilities, Weirdness & Mutations

You cannot be hasted, slowed, berserked, paralysed or teleported.
You can dig through walls and to a lower floor.
Your four strong arms can wield two-handed weapons with a shield.
You have a pair of large antennae on your head. (SInv)


Message History

There is an open door here.
q - a pair of boots
There is a shaft here.
You open the door. 2 orcs come into view.
The orc shouts!
You hear a shout!
Found 14 gold pieces and a quarterstaff.
Quiver which item? (- for none, * to show all) (? for menu, Esc to quit)
Okay, then.
Casting: Corona (safe; 7% risk of failure)
Confirm with . or Enter, or press ? or * to list all spells.
Aiming: Corona (safe; 7% risk of failure)
Press: ? - help, Shift-Dir - straight line, f - orc
Aim: an orc, wielding a +0 club and wearing a +0 leather armour (chance to defeat MR: 62%)
The orc struggles to resist.
The orc shouts!
You hear a shout! x2
An orc comes into view. It is wielding a +0 falchion.
An orc priest comes into view.
Firing (i - inventory)
p - 75 stones (quivered)
Press: ? - help, Shift-Dir - straight line, f/p - orc
Aim: an orc, wielding a +0 club and wearing a +0 leather armour You shoot a stone.
The stone barely misses the orc.
Search for what [Enter for "sli", or ? for help]? bul Unknown command.
a - a +0 hand crossbow (weapon)
Casting: Corona (safe; 7% risk of failure)
Confirm with . or Enter, or press ? or * to list all spells.
Aiming: Corona (safe; 7% risk of failure)
Press: ? - help, Shift-Dir - straight line, f - orc
Aim: an orc, wielding a +0 club and wearing a +0 leather armour (chance to defeat MR: 62%)
The orc is outlined in light.
Firing (i - inventory. (/) - cycle)
d - 30 bolts (quivered)
Press: ? - help, Shift-Dir - straight line, f/p - orc
Aim: an orc, wielding a +0 club and wearing a +0 leather armour (softly glowing)
You shoot a bolt.
The bolt hits the orc but does no damage.
Firing (i - inventory. (/) - cycle)
d - 29 bolts (quivered)
Press: ? - help, Shift-Dir - straight line, f/p - orc
Aim: an orc, wielding a +0 club and wearing a +0 leather armour (softly glowing)
You shoot a bolt. The bolt hits the orc!
You kill the orc!
The orc priest calls down the wrath of Beogh upon you.
Beogh smites you!
There is a shaft here.
Casting: Corona (safe; 7% risk of failure)
Confirm with . or Enter, or press ? or * to list all spells.
Aiming: Corona (safe; 7% risk of failure)
Press: ? - help, Shift-Dir - straight line, f - orc
Aim: an orc, wielding a +0 falchion and wearing a +0 leather armour (chance to defeat MR: 62%)
The orc struggles to resist.
Firing (i - inventory. (/) - cycle)
d - 28 bolts (quivered)
Press: ? - help, Shift-Dir - straight line, f/p - orc
Aim: an orc, wielding a +0 falchion and wearing a +0 leather armour You shoot a bolt.
The bolt closely misses the orc.
Casting: Corona (safe; 7% risk of failure)
Confirm with . or Enter, or press ? or * to list all spells.
Aiming: Corona (safe; 7% risk of failure)
Press: ? - help, Shift-Dir - straight line, f/p - orc
Aim: an orc, wielding a +0 falchion and wearing a +0 leather armour (chance to defeat MR: 62%)
The orc is outlined in light.
The orc priest mumbles some strange prayers to Beogh against you.
Beogh smites you!
Ouch! That really hurt!
You die...

#####.# ###### #.#
...... #.#
......###########o#
...............##o#
######'#######.##(#
#.........# #.##(#
#.........# #.##o#
#.....<...# #..@.#
#.........# ######
#.........#
#.........#
#.........#
..........#
......รท...#
..######### ..#


You could see an orc priest and 2 orcs.

Vanquished Creatures
  2 dart slugs (D:1)
  2 leopard geckos
  An orc (D:3)
  2 giant cockroaches
  8 goblins
  A hobgoblin (D:1)
  3 jackals (D:1)
  5 bats
  4 frilled lizards
  4 kobolds
  4 rats
36 creatures vanquished.

Notes
Turn   | Place    | Note
-------+----------+-------------------------------------------
     0 | D:1      | Amnesiac the Formicid Arcane Marksman began the quest for
                  | the Orb.
     0 | D:1      | Reached XP level 1. HP: 15/15 MP: 2/2
    70 | D:1      | Reached XP level 2. HP: 20/21 MP: 0/3
   302 | D:1      | Reached XP level 3. HP: 23/27 MP: 2/4
   641 | D:2      | Found a hide-covered altar of Uskayaw.
   643 | D:2      | Found a shimmering altar of Xom.
   644 | D:2      | Found an opulent altar of Gozag.
  1333 | D:3      | Killed from afar by an orc priest

Illustrated notes

Levels and vault maps discovered:
D:1:      lightli_arrival_flooded_house, layout_rooms
D:2:      layout_rooms, gammafunk_temple_overflow_forgotten, first_ration
D:3:      layout_basic, uniq_terence

Skill      XL: |  1  2  3 |
---------------+----------+-----
Crossbows      | 3 |  3.4
Fighting       | 2 |  2.2
Dodging        | |  1.7
Spellcasting   | |  1.1
Hexes          | |  3.6

Action                   || total
-------------------------++-------
 Fire: Hand crossbow     ||    67
       Hunting sling     ||     2
 Cast: Corona            ||    27
  Eat: Chunk             ||     2
Armor: Robe              ||     8
Dodge: Dodged            ||    12

Table legend:
 A = Non-vault XP
 B = Vault XP
 C = Vault XP percentage of total XP
 D = Non-vault monster count
 E = Vault monster count
 F = Vault count percentage of total count
                 A         B        C        D         E       F
            +---------+---------+-------+---------+---------+-------
      Total |      67 |       0 |   0.0 |      36 |       0 |   0.0
            +---------+---------+-------+---------+---------+-------
        D:1 |      43 |       0 |   0.0 |      23 |       0 |   0.0
        D:2 |      20 |       0 |   0.0 |      11 |       0 |   0.0
        D:3 |       4 |       0 |   0.0 |       2 |       0 |   0.0
            +---------+---------+-------+---------+---------+-------
